[Event "Late-Titled-Tuesday-Blitz-April-02-2024"]
[Site "Chess.com"]
[Date "2024.04.02"]
[Round "1"]
[White "Shahdad2007"]
[Black "mestrefeitosa19"]
[Result "1-0"]
[WhiteElo "2585"]
[BlackElo "2240"]
[TimeControl "180+1"]
[EndTime "14:04:58 PDT"]
[Termination "Shahdad2007 won by resignation"]

1. Nf3 d5 2. c4 e6 3. g3 Nf6 4. Bg2 Be7 5. O-O O-O 6. d4 b6 7. Ne5 Bb7 8. Nc3 Nbd7 9. Bf4 Nh5 10. e3 Nxf4 11. gxf4 Nxe5 12. fxe5 c6 13. cxd5 exd5 14. f4 Bc8 15. f5 f6 16. e6 Bd6 17. Qh5 Qe8 18.
Qxe8 Rxe8 19. e4 Ba6 20. Rfe1 dxe4 21. Nxe4 Bb4 22. Nc3 Rac8 23. a3 Bd6 24. Rad1 Re7 25. d5 c5 26. Bf1 Bxf1 27. Rxf1 a6 28. Ne4 Be5 29. d6 Bd4+ 30. Rxd4 cxd4 31. dxe7 Re8 32. Rc1 Rxe7 33. Rc8+ 1-0

[Event "Late-Titled-Tuesday-Blitz-April-02-2024"]
[Site "Chess.com"]
[Date "2024.04.02"]
[Round "1"]
[White "combidharma"]
[Black "ural58"]
[Result "1-0"]
[WhiteElo "2856"]
[BlackElo "2480"]
[TimeControl "180+1"]
[EndTime "14:05:02 PDT"]
[Termination "combidharma won by resignation"]

1. e4 d5 2. exd5 Qxd5 3. Nc3 Qd6 4. d4 c6 5. Bc4 Be6 6. Bxe6 Qxe6+ 7. Nge2 Nf6 8. O-O Qd7 9. Bg5 e6 10. Bxf6 gxf6 11.
Nf4 Be7 12. Ne4 f5 13. Nc5 Bxc5 14. dxc5 Qxd1 15. Raxd1 Nd7 16. b4 O-O-O 17. Nd3 f6 18. Nf4 e5 19. Ne6 Rde8 20. Ng7 Reg8 21. Nxf5 Rg4 22.
c3 b6 23. Rd6 bxc5 24. Rfd1 Nb8 25. bxc5 Rc4 26. Rxf6 Rxc5 27. Rf7 Re8 28. Nd6+ 1-0

[Event "Late-Titled-Tuesday-Blitz-April-02-2024"]
[Site "Chess.com"]
[Date "2024.04.02"]
[Round "1"]
[White "Narek_Ghimoyan"]
[Black "BardArtem"]
[Result "0-1"]
[WhiteElo "2462"]
[BlackElo "2845"]
[TimeControl "180+1"]
[EndTime "14:05:05 PDT"]
[Termination "BardArtem won by resignation"]

1. d4 d5 2. c4 e6 3. Nf3 Nf6 4. Nc3 h6 5. cxd5 exd5 6. Bf4 Bd6 7. e3 O-O 8. Bxd6 Qxd6 9. h3 Re8 10. Bd3 c6 11.
O-O Nbd7 12. Qc2 a5 13. Rac1 Nf8 14. Ne5 Ne6 15. f4 Bd7 16. Na4 Rad8 17. Nb6 Qb4 18. Nbxd7 Nxd7 19. Bh7+ Kf8 20. Bf5 Nf6 21. a3 Qd6 22.
Qb3 Re7 23. Qb6 Qc7 24. Qb3 Kg8 25. Rc3 Qb8 26. Rfc1 Qa7 27. Bxe6 Rxe6 28. Nd3 Rxe3 29. Nc5 Rxc3 30. Qxc3 Ne4 31. Qe1 Re8 32. Rc2 Qb8 33.
Nxe4 Rxe4 34. Rd2 Rxe1+ 0-1

[Event "Late-Titled-Tuesday-Blitz-April-02-2024"]
[Site "Chess.com"]
[Date "2024.04.02"]
[Round "1"]
[White "gorgeous1083"]
[Black "Squirlolz"]
[Result "0-1"]
[WhiteElo "2233"]
[BlackElo "2585"]
[TimeControl "180+1"]
[EndTime "14:05:05 PDT"]
[Termination "Squirlolz won by resignation"]

1. d4 c5 2. d5 g6 3. c4 Bg7 4.
e4 d6 5. Nf3 Bg4 6. Be2 Nf6 7.
Nc3 O-O 8. O-O Na6 9. h3 Bxf3 10. Bxf3 Nc7 11. Re1 a6 12. Bg5 Rb8 13. Qc2 b5 14. cxb5 Nxb5 15. Nxb5 axb5 16. Rab1 Nd7 17. Be2 Re8 18.
Rf1 c4 19. Be3 Qc7 20. Qd2 Nc5 21. f3 b4 22. Bd4 e5 23. dxe6 Nxe6 24. Bxg7 Kxg7 25.
Rfc1 c3 26. bxc3 bxc3 27. Rxb8 Qa7+ 0-1

[Event "Late-Titled-Tuesday-Blitz-April-02-2024"]
[Site "Chess.com"]
[Date "2024.04.02"]
[Round "1"]
[White "PetrolulSah"]
[Black "Pingah9"]
[Result "0-1"]
[WhiteElo "2223"]
[BlackElo "2582"]
[TimeControl "180+1"]
[EndTime "14:05:08 PDT"]
[Termination "Pingah9 won by resignation"]

1. d4 g6 2. e4 Bg7 3. c4 d6 4.
Nc3 Nd7 5. Be2 e5 6. d5 a5 7. Be3 Ne7 8. h4 h6 9. Qd2 f5 10. f3 b6 11. Nh3 Nc5 12. O-O-O Bd7 13. Kb1 a4 14. Rc1 Qb8 15. Bg1 O-O 16. Nf2 fxe4 17. Nfxe4 Nf5 18. g4 Nd4 19. Be3 Ncb3 20. axb3 axb3 21.
Rcf1 Qa7 22. Kc1 Qa1+ 23. Nb1 Nc2 24. Bxh6 Qxb1+ 0-1

[Event "Late-Titled-Tuesday-Blitz-April-02-2024"]
[Site "Chess.com"]
[Date "2024.04.02"]
[Round "1"]
[White "Romkachess"]
[Black "N_I_Chess"]
[Result "1-0"]
[WhiteElo "2680"]
[BlackElo "2388"]
[TimeControl "180+1"]
[EndTime "14:05:13 PDT"]
[Termination "Romkachess won by resignation"]

1. e4 Nf6 2. e5 Nd5 3. c4 Nb6 4. d4 d6 5. exd6 cxd6 6. Nf3 g6 7. Nc3 Bg7 8. Be3 O-O 9. Qd2 Bf5 10. h4 h5 11. Bd3 Qd7 12. b3 Nc6 13. Rc1 e5 14.
dxe5 dxe5 15. Bxf5 Qxf5 16. Qc2 Qg4 17. O-O Nd4 18.
Bxd4 exd4 19. Ne4 Qxh4 20. Nxh4 1-0

[Event "Late-Titled-Tuesday-Blitz-April-02-2024"]
[Site "Chess.com"]
[Date "2024.04.02"]
[Round "1"]
[White "Yeritsyaan"]
[Black "NitaLucian"]
[Result "1-0"]
[WhiteElo "2642"]
[BlackElo "2330"]
[TimeControl "180+1"]
[EndTime "14:05:21 PDT"]
[Termination "Yeritsyaan won by resignation"]

1. e4 d6 2. Nc3 Nf6 3. d3 e5 4. g3 Bg4 5. f3 Be6 6. Bg2 d5 7.
Nge2 d4 8. Nb1 c5 9. Nd2 Nc6 10. O-O Bd6 11. h3 O-O 12. f4 Qc8 13. f5 Bd7 14. g4 Ne8 15. Ng3 f6 16. Nf3 Kf7 17.
h4 Ke7 18. c3 Kd8 19. a3 dxc3 20. bxc3 b6 21. Be3 Qa6 22. Qc2 Rc8 23. a4 Na5 24. Nd2 Be7 25. Rfd1 Nd6 26. Bf1 Qb7 27.
Qa2 Bc6 28. Nc4 Ndxc4 29. dxc4+ Kc7 30. Rd5 Bxd5 31. cxd5 Bd6 32. Rb1 Kd8 33. Bb5 Qc7 34. Ba6 Rb8 35. Qe2 Ke7 36. Kh2 c4 37. Rb5 Rfd8 38.
g5 g6 39. gxf6+ Kxf6 40. Bg5+ Kg7 41. h5 Be7 42. Qg4 Bxg5 43. Qxg5 Rd6 44. fxg6 hxg6 45.
Nf5+ Kh7 46. hxg6+ Rxg6 47. Qh5+ Kg8 48. Qxg6+ Kf8 49.
d6 Qf7 50. Qh6+ Ke8 51. Rxe5+ Kd8 52. Qg5+ Kd7 53. Re7+ 1-0

[Event "Late-Titled-Tuesday-Blitz-April-02-2024"]
[Site "Chess.com"]
[Date "2024.04.02"]
[Round "1"]
[White "akanga001"]
[Black "guillembaches"]
[Result "0-1"]
[WhiteElo "2137"]
[BlackElo "2566"]
[TimeControl "180+1"]
[EndTime "14:05:21 PDT"]
[Termination "guillembaches won by resignation"]

1. d4 d5 2. c4 e6 3. Nc3 a6 4. cxd5 exd5 5. Nf3 Nf6 6. Bg5 Be6 7. e3 Nbd7 8. Rc1 Bd6 9. Bd3 c6 10. O-O Qc7 11. h3 h6 12. Bxf6 Nxf6 13. a3 O-O 14. b4 Qe7 15. Na4 Rad8 16. Nc5 Bc8 17. Re1 Ne4 18.
Qc2 f5 19. Qb3 Kh8 20. Na4 Bb8 21. Nb6 Be6 22. Na4 g5 23. Nc5 Bc8 24. Bxe4 fxe4 25. Nd2 Qd6 26. Nf1 Rf6 27. Qd1 Rdf8 28. Qh5 Rxf2 29.
h4 Rxf1+ 0-1

[Event "Late-Titled-Tuesday-Blitz-April-02-2024"]
[Site "Chess.com"]
[Date "2024.04.02"]
[Round "1"]
[White "ChempionBg"]
[Black "HajiyevKanan"]
[Result "0-1"]
[WhiteElo "2289"]
[BlackElo "2616"]
[TimeControl "180+1"]
[EndTime "14:05:23 PDT"]
[Termination "HajiyevKanan won on time"]

1. d4 d5 2. c4 c6 3. Nf3 Nf6 4. g3 Bf5 5. Bg2 e6 6. Nh4 Be4 7. f3 Bb4+ 8. Bd2 Bxb1 9. Bxb4 Na6 10. Ba3 Qa5+ 11. Kf2 Bg6 12. Nxg6 hxg6 13. Qb3 O-O-O 14.
cxd5 exd5 15. Rac1 Rhe8 16. Rhe1 Qb6 17. Qa4 g5 18. Rc3 g4 19. Rb3 Qc7 20. Rc1 gxf3 21. exf3 g5 22. Rc2 g4 23. Kg1 gxf3 0-1

[Event "Late-Titled-Tuesday-Blitz-April-02-2024"]
[Site "Chess.com"]
[Date "2024.04.02"]
[Round "1"]
[White "albi1999"]
[Black "EdmundPlayer"]
[Result "1-0"]
[WhiteElo "2604"]
[BlackElo "2273"]
[TimeControl "180+1"]
[EndTime "14:05:30 PDT"]
[Termination "albi1999 won by checkmate"]

1. Nf3 c5 2. c4 Nc6 3. Nc3 e5 4. e3 d6 5. d4 Bg4 6. Be2 cxd4 7. exd4 Bxf3 8. Bxf3 Nxd4 9. Bxb7 Rb8 10. Bd5 Nf6 11. O-O Be7 12. Be3 Rxb2 13. Bxd4 Nxd5 14. Nxd5 exd4 15.
Qxd4 Rb7 16. Qxg7 Kd7 17. Nxe7 Kxe7 18. Rfe1+ Kd7 19. Qxf7+ Kc8 20. Qd5 Rf8 21. Rab1 Rff7 22. c5 Qh4 23. Qc6+ Kd8 24. Re8# 1-0

[Event "Late-Titled-Tuesday-Blitz-April-02-2024"]
[Site "Chess.com"]
[Date "2024.04.02"]
[Round "1"]
[White "FabianoCaruana"]
[Black "vladoboch"]
[Result "1-0"]
[WhiteElo "3087"]
[BlackElo "2542"]
[TimeControl "180+1"]
[EndTime "14:05:34 PDT"]
[Termination "FabianoCaruana won by resignation"]

1. c3 d5 2. Nf3 Nc6 3. d4 Bg4 4.
Bf4 e6 5. Nbd2 Bd6 6. Bg3 Nf6 7. e3 O-O 8. Bd3 e5 9. Be2 e4 10. Ng1 Bxe2 11. Nxe2 Ne7 12. c4 c6 13. Bh4 Nf5 14.
Bxf6 Qxf6 15. Nc3 Qg5 16. g3 Ne7 17. h4 Qf5 18. Qe2 h5 19. O-O-O b5 20. c5 Bc7 21.
Rdg1 Qg4 22. Kc2 a5 23. Qd1 a4 24. a3 Nf5 25. Na2 Nh6 26. Nb4 Qe6 27. Qxh5 Ng4 28. Nxc6 Nxf2 29. Qxd5 Nxh1 30. Rxh1 Bxg3 31. Nxe4 Qxd5 32.
Ne7+ Kh8 33. Nxd5 Rae8 34. Nxg3 1-0

[Event "Late-Titled-Tuesday-Blitz-April-02-2024"]
[Site "Chess.com"]
[Date "2024.04.02"]
[Round "1"]
[White "maurovargas01"]
[Black "zajka-molotok"]
[Result "0-1"]
[WhiteElo "1865"]
[BlackElo "2551"]
[TimeControl "180+1"]
[EndTime "14:05:36 PDT"]
[Termination "zajka-molotok won on time"]

1. e4 c5 2. Nc3 Nc6 3. f4 g6 4.
Nf3 Bg7 5. Bc4 e6 6. d3 Nge7 7. Bd2 a6 8. O-O b5 9. Bb3 Bb7 10. Qe1 Nd4 11. Ne2 Nxb3 12. axb3 Bxb2 13. Rb1 Bg7 14.
Qh4 d5 15. e5 Nf5 16. Qh3 h5 17. Ng5 d4 18. Ng3 Nxg3 19. Qxg3 Qd5 0-1

[Event "Late-Titled-Tuesday-Blitz-April-02-2024"]
[Site "Chess.com"]
[Date "2024.04.02"]
[Round "1"]
[White "PelinGorki"]
[Black "Hikaru"]
[Result "0-1"]
[WhiteElo "2547"]
[BlackElo "3264"]
[TimeControl "180+1"]
[EndTime "14:05:37 PDT"]
[Termination "Hikaru won by resignation"]

1. e4 a6 2. d4 e6 3. Nc3 d5 4. e5 c5 5. f4 cxd4 6. Qxd4 Nc6 7. Qd1 Bc5 8. Nf3 Nh6 9. Bd3 Ng4 10.
Rf1 Nxh2 11. Rh1 Nxf3+ 12. Qxf3 h6 13. Bd2 Nb4 14. O-O-O Bd7 15. a3 Nxd3+ 16. Qxd3 Rc8 17. g4 Qb6 18. g5 Bd4 19. f5 exf5 20. gxh6 gxh6 21.
Rde1 Be6 22. Rxh6 Rxh6 23. Bxh6 Bxc3 24. bxc3 Qa5 25. Kd2 d4 26. Rg1 Qxc3+ 27. Qxc3 Rxc3 28. Rg8+ Kd7 29. Bf8 f4 30. Rg1 Bf5 31. Rc1 f3 32.
Bb4 Rxc2+ 33. Rxc2 Bxc2 34. Bc5 d3 35. Bd4 Ke6 36. Ke3 f2 0-1

[Event "Late-Titled-Tuesday-Blitz-April-02-2024"]
[Site "Chess.com"]
[Date "2024.04.02"]
[Round "1"]
[White "XDPS"]
[Black "Viktoker"]
[Result "1-0"]
[WhiteElo "2931"]
[BlackElo "2505"]
[TimeControl "180+1"]
[EndTime "14:05:38 PDT"]
[Termination "XDPS won by resignation"]

1. d4 d5 2. Bf4 Nf6 3. e3 e6 4. Nf3 c5 5. Nbd2 Nc6 6. c3 cxd4 7. exd4 Nh5 8. Be3 Bd6 9. g3 Bd7 10. Ne5 Nf6 11. f4 Rc8 12. Bd3 Qb6 13. Qb3 Ng8 14. O-O Nge7 15. Rae1 Na5 16. Qxb6 axb6 17.
Nxd7 Kxd7 18. f5 g6 19. fxe6+ fxe6 20. Rf7 Rcf8 21. Ref1 Rxf7 22. Rxf7 Ke8 23. Rf6 Kd7 24. Nf3 Nf5 25. Bg5 Nc4 26. Rf7+ Kc6 27. b3 Nb2 28. Be2 Ra8 29. a4 Nxa4 30. bxa4 Rxa4 31. g4 h6 32.
gxf5 hxg5 33. fxg6 1-0

[Event "Late-Titled-Tuesday-Blitz-April-02-2024"]
[Site "Chess.com"]
[Date "2024.04.02"]
[Round "1"]
[White "Heydarli77"]
[Black "GMAkobianSTL"]
[Result "1/2-1/2"]
[WhiteElo "2438"]
[BlackElo "2767"]
[TimeControl "180+1"]
[EndTime "14:05:39 PDT"]
[Termination "Game drawn by repetition"]

1. d4 e6 2. Nf3 f5 3. g3 Nf6 4.
Bg2 d5 5. O-O Bd6 6. b3 Qe7 7.
a4 a5 8. Ba3 O-O 9. Bxd6 Qxd6 10. Nbd2 c6 11. Ne5 Nbd7 12. Ndf3 Ne4 13. Nxd7 Bxd7 14. Ne5 Be8 15. f3 Nf6 16. Qd3 Nd7 17. f4 Nxe5 18. fxe5 Qe7 19. c4 Qb4 20. cxd5 cxd5 21.
Rac1 Bc6 22. Qc3 Rfc8 23. Qxb4 axb4 24. e3 b5 25. axb5 Bxb5 26. Rfd1 Kf7 27. Bf1 Bxf1 28. Rxf1 Ke7 29. Rxc8 Rxc8 30. Ra1 Rc3 31. Ra7+ Kf8 32. Ra8+ Kf7 33. Ra7+ Kg6 34. Kf2 Rxb3 35. Ra6 Kf7 36.
Ra7+ Kf8 37. Ra8+ Ke7 38. Ra7+ Kd8 39. Rxg7 Rb2+ 40. Kf3 Rxh2 41. Rb7 Rb2 42. Rxh7 b3 43. Rb7 Rb1 44. Kf4 Kc8 45. Rb4 b2 46. Kg5 Kc7 47. Kf6 Kd7 48. Rb7+ Kc6 49. Rb4 Kd7 50. Rb7+ Kc6 51.
Rb4 Kd7 1/2-1/2

[Event "Late-Titled-Tuesday-Blitz-April-02-2024"]
[Site "Chess.com"]
[Date "2024.04.02"]
[Round "1"]
[White "JaackCamel"]
[Black "DirtyKabab"]
[Result "0-1"]
[WhiteElo "2192"]
[BlackElo "2578"]
[TimeControl "180+1"]
[EndTime "14:05:39 PDT"]
[Termination "DirtyKabab won by resignation"]

1. d4 Nf6 2. c4 e6 3. Nc3 Bb4 4. Qc2 d5 5. Nf3 O-O 6. Bg5 dxc4 7. e3 b5 8. Be2 Bb7 9. O-O a6 10. a4 Bxc3 11. bxc3 Nbd7 12. Rfb1 Be4 13. Bxf6 Nxf6 14. Qa2 Bxb1 15. Rxb1 Nd5 16. Qd2 Rb8 17. Ne5 Qd6 18. e4 Ne7 19. axb5 axb5 20. f4 f6 21. Nf3 c5 22. Re1 Rfd8 23. Qe3 cxd4 24. cxd4 f5 25.
Rd1 fxe4 26. Ng5 Nf5 27. Qh3 h6 28. Nxe4 Qxf4 29. Bf3 Rxd4 30. Rf1 Rxe4 31. Bxe4 Qxe4 32. Kh1 b4 0-1

[Event "Late-Titled-Tuesday-Blitz-April-02-2024"]
[Site "Chess.com"]
[Date "2024.04.02"]
[Round "1"]
[White "LeninGuerra"]
[Black "Onthequiet"]
[Result "0-1"]
[WhiteElo "2723"]
[BlackElo "2433"]
[TimeControl "180+1"]
[EndTime "14:05:41 PDT"]
[Termination "Onthequiet won by resignation"]

1. e4 c6 2. Nf3 d5 3. exd5 cxd5 4.
Ne5 Nf6 5. Bb5+ Nbd7 6. O-O e6 7. Re1 Be7 8. b3 O-O 9. Bb2 a6 10. Bxd7 Bxd7 11. d3 Rc8 12. Nd2 Be8 13. c4 Bb4 14. Re3 b5 15. Rg3 d4 16. Ndf3 Bc3 17. Bxc3 dxc3 18.
Qc2 b4 19. d4 Bc6 20. Re1 Bxf3 21. Nxf3 Qc7 22. Ng5 Rfd8 23. Nf3 Rd7 24. h4 Rcd8 25. Re5 Rxd4 26. Reg5 Rd1+ 27. Kh2 g6 28. h5 Qf4 29. hxg6 hxg6 30. Rxg6+ fxg6 31. Qxg6+ Kf8 32. Qg7+ Ke8 33. Kh3 Rh1+ 34. Nh2 Qf5+ 0-1

[Event "Late-Titled-Tuesday-Blitz-April-02-2024"]
[Site "Chess.com"]
[Date "2024.04.02"]
[Round "1"]
[White "mishanick"]
[Black "ImportedItalianMaple"]
[Result "1-0"]
[WhiteElo "3027"]
[BlackElo "2525"]
[TimeControl "180+1"]
[EndTime "14:05:42 PDT"]
[Termination "mishanick won by resignation"]

1. c4 g6 2. Nc3 Bg7 3. Nf3 d6 4. d4 c5 5. e3 Nc6 6. Be2 cxd4 7. exd4 e5 8. Be3 Bg4 9. d5 Bxf3 10. Bxf3 Nd4 11. O-O Nxf3+ 12. Qxf3 Ne7 13. c5 O-O 14. Rad1 Nf5 15. cxd6 Qxd6 16. Ne4 Qd8 17. Bc5 Re8 18. d6 Nd4 19. Qd3 b6 20. Ba3 Qd7 21. f4 exf4 22.
Rxf4 f5 23. Nc3 Ne6 24. Rff1 Nc5 25. Qc4+ Qe6 26. Qxe6+ Rxe6 27. Nb5 Re2 28. Rfe1 Rxe1+ 29. Rxe1 Ne4 30. Nc7 Rd8 31. Ne6 Rd7 32. Rc1 Be5 33. Rc7 Kf7 34. Rxd7+ Kxe6 35. Re7+ Kf6 36. Rxe5 1-0

[Event "Late-Titled-Tuesday-Blitz-April-02-2024"]
[Site "Chess.com"]
[Date "2024.04.02"]
[Round "1"]
[White "killer_dreams"]
[Black "Durarbayli"]
[Result "0-1"]
[WhiteElo "2502"]
[BlackElo "2920"]
[TimeControl "180+1"]
[EndTime "14:05:43 PDT"]
[Termination "Durarbayli won by resignation"]

1. e4 c5 2. Nf3 d6 3. Bb5+ Nd7 4. Ba4 Nf6 5. O-O e6 6. c4 Nxe4 7. d4 cxd4 8. Nxd4 Nc5 9. Bc2 Be7 10. b4 Na6 11. a3 Nc7 12. Bb2 O-O 13. Re1 Bf6 14. Nc3 Ne5 15. Qe2 d5 16. cxd5 exd5 17. Rad1 Re8 18. Qf1 Bg4 19. f3 Bh5 20. Nf5 Bg6 21.
Bb1 Nc4 22. Ba1 Bxf5 23. Bxf5 Ne3 24. Bxh7+ Kh8 25. Rxe3 Rxe3 26. Qf2 Rxc3 27. Bxc3 Bxc3 28. Bb1 Qf6 29. Qc2 g6 30. h3 Ne6 31. Kh1 d4 32.
Qd3 Nf4 0-1

[Event "Late-Titled-Tuesday-Blitz-April-02-2024"]
[Site "Chess.com"]
[Date "2024.04.02"]
[Round "1"]
[White "Andrei_Skvortsov"]
[Black "KorolDimitriy75"]
[Result "1-0"]
[WhiteElo "2660"]
[BlackElo "2366"]
[TimeControl "180+1"]
[EndTime "14:05:46 PDT"]
[Termination "Andrei_Skvortsov won by resignation"]

1. e4 c5 2. d4 cxd4 3. Qxd4 Nc6 4. Qd3 g6 5. Nc3 Bg7 6. Nf3 d6 7. Be2 Nf6 8. O-O O-O 9. Nd5 Nd7 10. c3 Nc5 11. Qc2 a5 12. Bg5 Re8 13. Rad1 a4 14. Rfe1 Qa5 15. b4 axb3 16. axb3 Ne6 17. Be3 Qa2 18.
Qxa2 Rxa2 19. Ra1 Rxa1 20. Rxa1 Nc5 21. Nd2 e6 22. Nc7 Rd8 23. Rc1 Bd7 24. Nb5 Be8 25. f3 Kf8 26. Nxd6 Nxb3 27. Nxb3 Rxd6 28. Bc5 Ke7 29.
Rd1 Be5 30. Nd4 Kd7 31. Bxd6 Bxd4+ 32. cxd4 Kxd6 33. Bb5 Bd7 34. d5 Kc7 35. dxc6 1-0

[Event "Late-Titled-Tuesday-Blitz-April-02-2024"]
[Site "Chess.com"]
[Date "2024.04.02"]
[Round "1"]
[White "KetiTsatsalashvili"]
[Black "chenxiaoyuer"]
[Result "0-1"]
[WhiteElo "2426"]
[BlackElo "2761"]
[TimeControl "180+1"]
[EndTime "14:05:48 PDT"]
[Termination "chenxiaoyuer won by resignation"]

1. d4 Nf6 2. Nf3 g6 3. c4 Bg7 4. Nc3 O-O 5. e4 d6 6. Be2 e5 7. O-O Na6 8. Be3 Qe7 9. dxe5 dxe5 10. Nd5 Qd8 11. Bg5 Nc5 12. Qc2 Ncxe4 13. Qxe4 Nxe4 14. Bxd8 Rxd8 15. Nxc7 Rb8 16. Rfd1 Bd7 17. Nd5 Kf8 18. h3 Nc5 19. Rd2 Bc6 20. Rad1 Bh6 21. Rc2 Bg7 22. Rcd2 f5 23. b4 Ne4 24. Rc2 Ba4 25. Bd3 Bxc2 26.
Bxc2 Nf6 27. Ng5 Rd6 28. Re1 Nxd5 29. cxd5 Rxd5 30. Bb3 Rd6 31. Ne6+ Kf7 32. Nxg7+ Kxg7 33. Rxe5 Rd7 34. g3 Rbd8 35. Kg2 Kf8 36. h4 Re7 37. Rc5 Rd2 38. Rc8+ Kg7 39. Rg8+ Kh6 40. Rh8 Ree2 41. Bg8 Rxf2+ 42. Kg1 Kg7 43. Rxh7+ Kxg8 44. Rxb7 Rxa2 45. Rc7 Rfd2 46. Rc1 Rg2+ 47. Kf1 Rh2 48. Kg1 Rag2+ 49. Kf1 Rh1+ 50. Kxg2 Rxc1 0-1

[Event "Late-Titled-Tuesday-Blitz-April-02-2024"]
[Site "Chess.com"]
[Date "2024.04.02"]
[Round "1"]
[White "AGW2016"]
[Black "Indefatigable11"]
[Result "1-0"]
[WhiteElo "2556"]
[BlackElo "2030"]
[TimeControl "180+1"]
[EndTime "14:05:49 PDT"]
[Termination "AGW2016 won by resignation"]

1. d4 Nf6 2. Nc3 e6 3. Bf4 d5 4.
e3 Be7 5. g4 c5 6. Nb5 Na6 7. c3 O-O 8. g5 Ne8 9. h4 Bd7 10. a4 Bxb5 11. axb5 Nac7 12. Nf3 Bd6 13. Ne5 cxd4 14. exd4 f6 15. gxf6 Nxf6 16. Bd3 Ne4 17. Bxe4 dxe4 18. Bg3 Nxb5 19. Qe2 Nc7 20. Qxe4 Nd5 21.
h5 Qg5 22. h6 g6 23. Kd1 Bxe5 24. Qxe5 Qxe5 25. dxe5 Rad8 26. Kc2 a6 27. Rad1 Ne7 28.
Rd6 Nf5 29. Rxe6 Nxg3 30. fxg3 Rf2+ 31. Kb3 Rdd2 32. Rb1 Kf7 33. Rb6 Rd5 34. Rxb7+ Kg8 35. Re1 Rf7 36. Rb8+ Rf8 37. Rb6 a5 38. e6 Re8 39.
Kc4 Rh5 40. Rb5 Rxh6 41. Rxa5 Rh2 42. b4 h5 43. Rd5 Rg2 44. Re3 Kg7 45. b5 Kf6 46. b6 g5 47. b7 h4 48. gxh4 gxh4 49.
e7 Rb2 50. Rd8 Kf7 51. Rc8 Rxb7 52. Rf3+ Kxe7 53. Re3+ Kd7 54. Rcxe8 h3 55. R8e7+ Kc8 56. Rxb7 Kxb7 57. Rxh3 1-0

[Event "Late-Titled-Tuesday-Blitz-April-02-2024"]
[Site "Chess.com"]
[Date "2024.04.02"]
[Round "1"]
[White "SpeedofLight0"]
[Black "EsmeraldasAnderson03"]
[Result "1-0"]
[WhiteElo "3051"]
[BlackElo "2537"]
[TimeControl "180+1"]
[EndTime "14:05:51 PDT"]
[Termination "SpeedofLight0 won by resignation"]

1. d4 d5 2. Nc3 Nf6 3. Bf4 a6 4.
e3 b5 5. Bd3 Bb7 6. Nf3 e6 7. Kf1 c5 8. a3 Nc6 9. h3 Bd6 10. Ne5 cxd4 11. Nxc6 Bxc6 12. Bxd6 Qxd6 13. exd4 O-O 14. Ne2 e5 15. dxe5 Qxe5 16. c3 Ne4 17. Nd4 Bd7 18. Kg1 Rae8 19. Qf3 Nd2 20. Qg3 Qxg3 21.
fxg3 Re3 22. Bf5 Bxf5 23. Nxf5 Re5 24. g4 Rfe8 25. Rd1 Re1+ 26. Kh2 Rxh1+ 27. Kxh1 Nc4 28. Rxd5 Nxb2 29. Rd6 Ra8 30. Ne3 g6 31. g5 Rc8 32.
Rxa6 Rxc3 33. Nd5 Rc5 34. Nf6+ Kg7 35. h4 h6 36. gxh6+ Kxh6 37. g4 g5 38. Ne4+ Rc6 39.
Rxc6+ 1-0

[Event "Late-Titled-Tuesday-Blitz-April-02-2024"]
[Site "Chess.com"]
[Date "2024.04.02"]
[Round "1"]
[White "chucksterf10"]
[Black "smotherhubbard"]
[Result "1-0"]
[WhiteElo "2652"]
[BlackElo "2358"]
[TimeControl "180+1"]
[EndTime "14:05:52 PDT"]
[Termination "chucksterf10 won by resignation"]

1. Nf3 Nf6 2. Nc3 d5 3. d4 c5 4.
e3 Bf5 5. Bb5+ Nbd7 6. dxc5 e6 7.
Nd4 Bg6 8. c6 bxc6 9. Bxc6 Rc8 10.
O-O Bb4 11. Ncb5 a6 12. Bd2 Qe7 13. Bxb4 Qxb4 14. Qe1 Qe7 15. Bb7 Rc5 16. Nc6 Rxc6 17. Bxc6 axb5 18. Bxb5 O-O 19. c3 Nc5 20. Qe2 Rb8 21.
a4 Nfe4 22. b4 Nxc3 23. Qb2 N5e4 24. f3 Nxb5 25. fxe4 Nc7 26. exd5 Nxd5 27. b5 Nxe3 28. Rfc1 Be4 29. Qd4 Qg5 30. Qxe4 1-0

[Event "Late-Titled-Tuesday-Blitz-April-02-2024"]
[Site "Chess.com"]
[Date "2024.04.02"]
[Round "1"]
[White "moro182"]
[Black "LastHeroJr"]
[Result "1-0"]
[WhiteElo "2894"]
[BlackElo "2488"]
[TimeControl "180+1"]
[EndTime "14:05:55 PDT"]
[Termination "moro182 won by checkmate"]

1. d4 d5 2. Bf4 c6 3. e3 Nf6 4. Nf3 Bg4 5. c4 e6 6. Nc3 Nbd7 7. Qb3 Qb6 8. c5 Qxb3 9. axb3 Bxf3 10. gxf3 Nh5 11. Bg3 a6 12. f4 Rc8 13. Be2 Nhf6 14.
h3 h5 15. Rg1 h4 16. Bh2 g6 17. f3 Be7 18. Bd3 Nh5 19. e4 Ng3 20. Kf2 Nf6 21. f5 gxf5 22. exf5 Kd7 23. Na4 Rcg8 24. Nb6+ Kd8 25. fxe6 fxe6 26. Rge1 Nfh5 27. Bxa6 bxa6 28. Rxa6 Nf4 29. Ra8+ Kc7 30. Ra7+ Kb8 31. Rea1 Nxh3+ 32. Ke1 Bd6 33. Ra8+ Kb7 34. R1a7# 1-0

[Event "Late-Titled-Tuesday-Blitz-April-02-2024"]
[Site "Chess.com"]
[Date "2024.04.02"]
[Round "1"]
[White "NateSolon"]
[Black "Nick12772"]
[Result "1-0"]
[WhiteElo "2715"]
[BlackElo "2413"]
[TimeControl "180+1"]
[EndTime "14:05:55 PDT"]
[Termination "NateSolon won by resignation"]

1. d4 Nf6 2. Bf4 g6 3. Nf3 Bg7 4. c3 d5 5. e3 Bg4 6. Nbd2 c6 7. h3 Bxf3 8. Nxf3 Nbd7 9. Be2 O-O 10. O-O Qb6 11. Qb3 Qxb3 12. axb3 a6 13. b4 Rfe8 14. Bh2 Ne4 15. Bd3 e5 16. Rfe1 exd4 17. exd4 Nef6 18. Nd2 Rxe1+ 19. Rxe1 Re8 20. Rxe8+ Nxe8 21. Nb3 Bh6 22. Kf1 Kf8 23. Ke2 Ke7 24. Na5 Bc1 25. Nxb7 Bxb2 26.
Kd2 Nef6 27. Kc2 Ba1 28. Na5 Ne4 29. Bxe4 dxe4 30. Nb3 Bxc3 31. Kxc3 Nb6 32. Nd2 Nd5+ 33. Kc4 f5 34. Kc5 Kd7 35. Nc4 f4 36. Nb6+ Nxb6 37. Kxb6 e3 38. fxe3 fxe3 39. Kc5 e2 40. Bg3 h6 41.
Be1 g5 42. g4 1-0

[Event "Late-Titled-Tuesday-Blitz-April-02-2024"]
[Site "Chess.com"]
[Date "2024.04.02"]
[Round "1"]
[White "Itay121"]
[Black "Firouzja2003"]
[Result "0-1"]
[WhiteElo "2543"]
[BlackElo "3092"]
[TimeControl "180+1"]
[EndTime "14:05:56 PDT"]
[Termination "Firouzja2003 won by checkmate"]

1. d4 c5 2. d5 e5 3. e4 d6 4. Nc3 Be7 5. Nf3 Nf6 6. Bg5 O-O 7. a4 Nbd7 8. a5 a6 9. Bc4 h6 10. Bd2 Re8 11. O-O Nf8 12. h3 Ng6 13. Na4 Nxe4 14. Nb6 Nxd2 15. Qxd2 Rb8 16. Rae1 Bg5 17. Nxg5 Qxg5 18.
Qxg5 hxg5 19. Bd3 Nf4 20. Re3 g6 21. Rfe1 Kg7 22. b3 Rh8 23. Bf1 Bf5 24. c4 Rbd8 25.
Rg3 Kf6 26. Rge3 g4 27. hxg4 Bxg4 28. f3 Bf5 29. Kf2 Rh2 30. Rd1 Rdh8 31. Rd2 g5 32. Na4 g4 33. fxg4 Bxg4 34. Nc3 Bf5 35. Rg3 e4 36. Re3 Ke5 37. Rd1 Rg8 38. Kg1 Nxg2 39. Kxh2 Nxe3 40. Re1 Ng4+ 41. Kg3 Nf6+ 42. Kf2 Rh8 43.
Bg2 Rh4 44. Kg3 Rg4+ 45. Kh2 Nh5 46. Bf3 Rh4+ 47. Kg1 Nf4 48. Nxe4 Nh3+ 49. Kg2 Bxe4 50. Rxe4+ Rxe4 51. Bxe4 Kxe4 52. Kxh3 Kd4 53. Kg4 Kc3 54. Kf5 Kxb3 55. Kf6 Kxc4 56. Ke7 Kxd5 57. Kd7 c4 58. Kc7 c3 59. Kxb7 c2 60. Kb6 c1=Q 61. Ka7 Qc6 62. Kb8 f5 63. Ka7 Qb5 64. Ka8 Kc6 65.
Ka7 Qb7# 0-1